 Dungeon Crawl Stone Soup version 0.31-a0-40-g1d5085d191 (webtiles) character file.

Game seed: 16607603128648270076

7 ders the Digger (level 2, -1/15 HPs)
             Began as a Gargoyle Earth Elementalist on May 17, 2023.
             Slain by a goblin
             ... wielding a +0 club
              (2 damage)
             ... on level 1 of the Dungeon.
             The game lasted 00:00:22 (88 turns).

ders the Digger (Gargoyle Earth Elementalist)         Turns: 88, Time: 00:00:23

Health: -1/15      AC:  4    Str: 11    XL:     2   Next: 4%
Magic:  0/5        EV: 11    Int: 15    God:
Gold:   0          SH:  0    Dex: 10    Spells: 4/5 levels left

rFire   . . .        c - +0 short sword
rCold   . . .        (no shield)
rNeg    + . .        a - +0 robe
rPois   ∞            (no helmet)
rElec   +            (no cloak)
rCorr   .            (no gloves)
SInv    .            (no boots)
Will    .....        (no amulet)
Stlth   ++           (no ring)
HPRegen 0.22/turn    (no ring)
MPRegen 0.09/turn

%: no passive effects
@: no status effects
A: sickness immunity, AC +2, negative energy resistance 1, electricity
resistance, torment resistance 1, petrification resistance
a: no special abilities


You were on level 1 of the Dungeon.
You visited 1 branch of the dungeon, and saw 1 of its levels.

Inventory:

Hand Weapons
 c - a +0 short sword (weapon)
Armour
 a - a +0 robe (worn)
Potions
 b - a potion of magic


   Skills:
 - Level 1.5 Dodging
 - Level 2.1 Stealth
 + Level 2.3 Spellcasting
 - Level 0.7 Transmutations
 + Level 4.0 Earth Magic


You had 4 spell levels left.
You knew the following spells:

 Your Spells              Type           Power      Damage    Failure   Level
a - Sandblast             Erth           26%        2d8       4%          1

Your spell library contained the following spells:

 Spells                   Type           Power      Damage    Failure   Level
 Passwall                 Tmut/Erth      6%         N/A       12%         2
 Stone Arrow              Conj/Erth      14%        3d7       28%         3
 Petrify                  Tmut/Erth      8%         N/A       63%         4


Dungeon Overview and Level Annotations

Branches:
Dungeon (1/15)

Altars:


Innate Abilities, Weirdness & Mutations

You are immune to sickness and miasma.
Your stone body is resilient. (AC +2)
You are immune to poison.
You resist negative energy. (rN+)
You are resistant to electric shocks. (rElec)
You are resistant to unholy torment.
You are immune to petrification.


Message History

The bat barely misses you. The bat hits you but does no damage.
The jackal closely misses you. The bat barely misses you.
The goblin closely misses you. The jackal bites you.
You hit the jackal.
You kill the jackal!
The bat hits you. The bat hits you but does no damage.
The hobgoblin hits you but does no damage.
The goblin closely misses you.
Your magical contamination has completely faded away.
You have reached level 2!
Casting: Sandblast (safe; 4% risk of failure)
Confirm with . or Enter, or press ? or * to list all spells.
Aiming: Sandblast (safe; 4% risk of failure)
Press: ? - help, Shift-Dir - straight line, f - bat
Aim: a bat (73% to hit)
The blast of sand hits the bat!
You kill the bat!
The hobgoblin closely misses you. The goblin barely misses you.
The goblin hits you with a +0 club. The goblin hits you but does no damage.
The goblin barely misses you.
The hobgoblin hits you but does no damage.
Your Earth Magic skill increases to level 4!
Unknown command.
You barely miss the goblin.
The hobgoblin hits you but does no damage.
The goblin hits you but does no damage. The goblin hits you with a +0 club.
* * * LOW HITPOINT WARNING * * *
You closely miss the goblin. The hobgoblin barely misses you.
The goblin closely misses you. The goblin hits you with a +0 club.
* * * LOW HITPOINT WARNING * * *
You hit the goblin.
The goblin is heavily wounded.
The hobgoblin hits you.
* * * LOW HITPOINT WARNING * * *
The goblin hits you but does no damage. The goblin barely misses you.
You closely miss the goblin.
The goblin is heavily wounded.
The hobgoblin misses you. The goblin hits you with a +0 club.
You die...

# ##.#.# .# #.....#
......##.# # ......#
#........ . ##....#
#.$.....#.# ..$..
#.....#.#.# #†..
###.#...#... #.#+#
........#†#.## ..#.# .#
#.....@g...#
#.#.###.###.†##g#g...#
..#.#.............#.....
#.#.#.#####.$.#.### .###
................... #
#.#.#.#.....#.#.###
#.#.#.#.....#.#.#
#.#...+.....#.#.#
#.###.#.....#.#.#


You could see a hobgoblin and 2 goblins.

Vanquished Creatures
  An endoplasm (D:1)
  2 jackals (D:1)
  3 bats (D:1)
  A kobold (D:1)
  A rat (D:1)
8 creatures vanquished.

Notes
Turn   | Place    | Note
-------+----------+-------------------------------------------
     0 | D:1      | ders the Gargoyle Earth Elementalist began the quest for
                  | the Orb.
     0 | D:1      | Reached XP level 1. HP: 10/10 MP: 3/3
    84 | D:1      | Reached XP level 2. HP: 9/15 MP: 1/5
    85 | D:1      | Reached skill level 4 in Earth Magic
    88 | D:1      | Slain by a goblin

Illustrated notes

Levels and vault maps discovered:
D:1:      amcnicky_arrival_single_pillar, layout_basic

Skill      XL: |  1  2 |
---------------+-------+-----
Earth Magic    | 4 |  4.0
Dodging        | |  1.5
Stealth        | |  2.1
Spellcasting   | |  2.3
Transmutations | |  0.7

Action                     || total
---------------------------++-------
  Melee: Short sword       ||     8
   Cast: Sandblast         ||     7
 Armour: Robe              ||     8
  Dodge: Dodged            ||    17

Table legend: (Time is in decaauts)
 A = Elapsed time spent in this place.
 B = Non-inter-level travel time spent in this place.
 C = Inter-level travel time spent in this place.
 D = Time resting spent in this place.
 E = Time spent auto-exploring this place.
 F = Levels seen in this place.
 G = Mean time per level.
                   A        B        C        D        E       F      G
               +--------+--------+--------+--------+--------+-----+--------+
         Total |     91 |     84 |      7 |      0 |     47 |   1 |   91.0 |
       Dungeon |     91 |     84 |      7 |      0 |     47 |   1 |   91.0 |
               +--------+--------+--------+--------+--------+-----+--------+

Top non-repeatable levels by time:
     D:1: 91 daAuts
